 Dungeon Crawl Stone Soup version 0.26-a0-707-g31817bcca1 (webtiles) character file.

Game seed: 2352618029420473564

936 robertstho the Thaumaturge (level 7, -9/37 HPs)
             Began as a Deep Elf Ice Elementalist on Oct 26, 2020.
             Was an Initiate of Vehumet.
             Killed from afar by Maggie (16 damage)
             ... with a bolt of fire
             ... on level 6 of the Dungeon.
             The game lasted 00:09:00 (6628 turns).

robertstho the Thaumaturge (DEIE)                   Turns: 6628, Time: 00:09:01

Health: -9/37      AC:  4    Str:  5    XL:     7   Next: 87%
Magic:  14/20      EV: 14    Int: 22    God:    Vehumet [......]
Gold:   85         SH:  0    Dex: 15    Spells: 2/22 levels left

rFire    . . .     SeeInvis .   w - +4 halberd of Linearity {pain, rF+}
rCold    + . .     Faith    .   (shield currently unavailable)
rNeg     . . .     Spirit   .   a - +0 robe
rPois    .         Reflect  .   (no helmet)
rElec    .         Harm     .   s - +0 cloak
rCorr    .         Rampage  .   k - +0 pair of gloves
MR       .....                  (no boots)
Stlth    +++.......             v - amulet of magic regeneration
HPRegen  0.12/turn              n - ring of wizardry
MPRegen  0.42/turn              e - ring of ice

@: frozen ramparts, mesmerised
A: no striking features
a: Renounce Religion


You were on level 6 of the Dungeon.
You worshipped Vehumet.
Vehumet was noncommittal.
You visited 1 branch of the dungeon, and saw 6 of its levels.

You collected 382 gold pieces.
You spent 297 gold pieces at shops.

Inventory:

Hand Weapons
 f - a +1 dagger of venom
 w - the +4 halberd of Linearity (weapon) {pain, rF+}
   (You bought it in a shop on level 5 of the Dungeon)

   In the hands of one skilled in necromantic magic, it inflicts extra damage on
   living creatures.
   It protects you from fire.
Armour
 a - a +0 robe (worn)
 k - a +0 pair of gloves (worn)
 s - a +0 cloak (worn)
Jewellery
 e - a ring of ice (right hand)
 g - an uncursed amulet of reflection
 n - a ring of wizardry (left hand)
 q - an uncursed ring of stealth
 v - an amulet of magic regeneration (around neck)
Wands
 p - a wand of disintegration (11)
Scrolls
 b - a scroll of remove curse
 h - a scroll of magic mapping
 j - a scroll of random uselessness {unknown}
 l - a scroll of identify
 u - a scroll of teleportation
Potions
 c - 2 potions of flight {unknown}
 d - a potion of might {unknown}
 i - a potion of invisibility {unknown}
 m - 2 potions of cancellation
 o - a potion of lignification
 r - 2 potions of haste {unknown}
 t - a potion of brilliance


   Skills:
 + Level 0.9 Fighting
 + Level 2.1 Short Blades
 + Level 0.1 Polearms
 + Level 3.5 Dodging
 + Level 4.1 Stealth
 + Level 0.4 Unarmed Combat
 * Level 8.0 Spellcasting
 + Level 0.5 Summonings
 * Level 7.2 Ice Magic
 + Level 0.2 Evocations


You had 2 spell levels left.
You knew the following spells:

 Your Spells              Type           Power        Failure   Level
a - Freeze                Ice            ####         1%          1
b - Frozen Ramparts       Ice            ######       1%          3
c - Ozocubu's Armour      Ice            ######..     1%          3
d - Hailstorm             Conj/Ice       #####...     7%          4
e - Summon Ice Beast      Ice/Summ       #####...     6%          4
f - Metabolic Englaciati  Hex/Ice        #####.....   19%         5

Your spell library contained the following spells:

 Spells                   Type           Power        Failure   Level
 Ensorcelled Hibernation  Hex/Ice        #####.       1%          2
 Corona                   Hex            #......      3%          1
 Confusing Touch          Hex            #.......     9%          3
 Dazzling Flash           Conj/Hex       #.....       9%          3
 Gell's Gravitas          Tloc           #.........   9%          3
 Tukima's Dance           Hex            #.......     9%          3
 Petrify                  Tmut/Erth      #.......     28%         4
 Yara's Violent Unravell  Hex/Tmut       #.........   58%         5


Dungeon Overview and Level Annotations

Branches:
Dungeon (6/15)
 Temple: D:4-7

Altars:
Qazlal
Trog
Vehumet
Wu Jian
The Shining One

Shops:
D:4 *   D:5 *

Annotations:
D:6 Maggie


Message History

Maggie hits you with a +3 halberd of protection!
* * * LOW HITPOINT WARNING * * *
Your ice beast hits Maggie but does no damage.
Your ice beast hits Maggie.
Your ice beast freezes Maggie!
Your ice beast closely misses Maggie.
Your ice beast hits Maggie but does no damage.
You feel better.
Maggie hits you with a +3 halberd of protection!
* * * LOW HITPOINT WARNING * * *
Your ice beast hits Maggie but does no damage. x2
Unknown command.
You cannot move away from Maggie!
Evoke which item? (* to show all) (? for menu, Esc to quit)
Aiming: Disintegrate
Press: ? - help, Shift-Dir - straight line, f - Maggie
Aim: Maggie, wielding a +3 halberd of protection and wearing +0 acid dragon scales (moderately wounded, mesmerising, chance to defeat MR: 65%) Maggie struggles to resist.
Maggie casts a spell at you. The bolt of fire hits you!
You die...

..............
.............
'##..###...#
..#..###...###+########.
..#.........#...........
..#......)..# ........
..#.........# .....
..#...##....# #Y@#
########....####@Y##.#
......#..............#
......#..............#
......#..............#
#####'##......########
##.....######## .#.....#
.#.....# .#.....#


You could see Maggie (mesmerising) and 2 friendly ice beasts.

Vanquished Creatures
  An ogre (D:4)
  A centaur (D:5)
  A water moccasin skeleton (D:5)
  2 howler monkeys
  2 orc wizards (D:6)
  A centaur skeleton (D:4)
  A hound (D:4)
  5 worker ants
  A statue (D:4)
  Robin (D:4)
  4 gnolls (D:3)
  4 adders
  2 shadow imps (D:5)
  3 oozes
  A worm (D:2)
  2 dart slugs
  3 leopard geckos
  4 orcs
  7 bats
  2 giant cockroaches
  14 goblins
  10 hobgoblins
  A quokka (D:5)
  4 frilled lizards
  2 kobolds
  11 rats
90 creatures vanquished.

Vanquished Creatures (collateral kills)
  Prince Ribbit (D:6)
  A phantom (D:5)
2 creatures vanquished.

Grand Total: 92 creatures vanquished

Notes
Turn   | Place    | Note
-------+----------+-------------------------------------------
     0 | D:1      | robertstho the Deep Elf Ice Elementalist began the quest
                  | for the Orb.
     0 | D:1      | Reached XP level 1. HP: 10/10 MP: 6/6
   473 | D:1      | Reached XP level 2. HP: 9/15 MP: 6/8
  1171 | D:2      | Reached XP level 3. HP: 16/19 MP: 6/10
  1179 | D:2      | Learned a level 3 spell: Frozen Ramparts
  1183 | D:2      | Learned a level 3 spell: Ozocubu's Armour
  1500 | D:2      | Reached skill level 4 in Spellcasting
  1752 | D:2      | Reached skill level 5 in Ice Magic
  2423 | D:2      | Reached XP level 4. HP: 24/24 MP: 8/12
  2619 | D:3      | Learned a level 4 spell: Hailstorm
  2622 | D:3      | Found an ornate altar of the Wu Jian Council.
  2623 | D:3      | Found a glowing golden altar of the Shining One.
  3365 | D:3      | Found a stormy altar of Qazlal.
  3376 | D:3      | Found a bloodstained altar of Trog.
  3663 | D:4      | Noticed an ogre
  3680 | D:4      | Killed an ogre
  3680 | D:4      | Reached skill level 1 in Short Blades
  3680 | D:4      | Reached skill level 5 in Spellcasting
  3680 | D:4      | Reached XP level 5. HP: 20/28 MP: 7/14
  3941 | D:4      | Noticed Robin
  3955 | D:4      | Killed Robin
  4197 | D:4      | Found Fidipay's Assorted Antiques.
  4205 | D:4      | Reached skill level 6 in Spellcasting
  4205 | D:4      | Reached XP level 6. HP: 32/32 MP: 13/17
  4512 | D:4      | Bought a scroll of identify for 54 gold pieces
  4718 | D:4      | Found a radiant altar of Vehumet.
  4741 | D:4      | Became a worshipper of Vehumet
  4912 | D:5      | Entered Level 5 of the Dungeon
  5081 | D:5      | Reached skill level 7 in Spellcasting
  5081 | D:5      | Reached XP level 7. HP: 4/37 MP: 17/19
  5527 | D:4      | Learned a level 4 spell: Summon Ice Beast
  5533 | D:4      | Learned a level 5 spell: Metabolic Englaciation
  6231 | D:5      | Found Yntew's Assorted Antiques.
  6247 | D:5      | Bought a steaming halberd for 243 gold pieces
  6247 | D:5      | Identified the +4 halberd of Linearity {pain, rF+} (You
                  | bought it in a shop on level 5 of the Dungeon)
  6480 | D:6      | Noticed Prince Ribbit
  6490 | D:6      | Killed Prince Ribbit
  6618 | D:6      | Noticed Maggie
  6618 | D:6      | Reached skill level 8 in Spellcasting
  6628 | D:6      | Killed from afar by Maggie

Illustrated notes

Levels and vault maps discovered:
D:1:      eino_arrival_tree_alley, layout_basic, minmay_domino_4
D:2:      layout_loops_corners, feat_on_display
D:3:      layout_basic, amethyst_overflow_temple_binary,
          gammafunk_temple_overflow_statue
D:4:      layout_cave_pools, vehumet_statue, serial_shops, shop_coins,
          uniq_robin
D:5:      layout_cave_pools, serial_shops, shop, kennysheep_minor_cross
D:6:      layout_gridville, minmay_temple_entry_enclosed_plants, uniq_maggie,
          uniq_prince_ribbit1

Skill      XL: |  1  2  3  4  5  6  7 |
---------------+----------------------+-----
Spellcasting   | 4 5 6 7 8 |  8.0
Ice Magic      | 5 6 7 |  7.2
Short Blades   | 1 2 |  2.1
Stealth        | 3 4 |  4.1
Dodging        | 3 |  3.5
Fighting       | |  0.9
Polearms       | |  0.1
Unarmed Combat | |  0.4
Summonings     | |  0.5
Evocations     | |  0.2

Action                   |  1- 3 |  4- 6 |  7- 9 || total
-------------------------+-------+-------+-------++-------
Melee: Unarmed           |     8 |       |       ||     8
       Dagger            |    66 |    44 |    34 ||   144
       Halberd           |       |       |     6 ||     6
 Cast: Freeze            |    26 |     3 |       ||    29
       Frozen Ramparts   |    13 |    18 |     6 ||    37
       Hailstorm         |       |     3 |       ||     3
       Summon Ice Beast  |       |       |     8 ||     8
Evoke: Wand              |       |     1 |     4 ||     5
  Use: Scroll            |     9 |     4 |       ||    13
       Potion            |       |     2 |     1 ||     3
 Stab: Sleeping          |     8 |     4 |     1 ||    13
       Distracted        |       |       |     2 ||     2
Armor: Robe              |    26 |     6 |     7 ||    39
Dodge: Dodged            |    78 |    32 |    25 ||   135

Table legend: (Time is in decaauts)
 A = Elapsed time spent in this place.
 B = Non-inter-level travel time spent in this place.
 C = Inter-level travel time spent in this place.
 D = Time resting spent in this place.
 E = Time spent auto-exploring this place.
 F = Levels seen in this place.
 G = Mean time per level.
                   A        B        C        D        E       F      G
               +--------+--------+--------+--------+--------+-----+--------+
         Total |   6621 |   6478 |    143 |    760 |   4872 |   6 | 1103.5 |
       Dungeon |   6621 |   6478 |    143 |    760 |   4872 |   6 | 1103.5 |
               +--------+--------+--------+--------+--------+-----+--------+

Top non-repeatable levels by time:
     D:4: 1818 daAuts
     D:2: 1386 daAuts
     D:3: 1136 daAuts
     D:1: 1125 daAuts
     D:5: 972 daAuts
     D:6: 182 daAuts
